Map: Zen LE

Players

Massa

  • Race: Terran Terran
  • League: Gold
  • Spawn Location: 7:00

Veers - Winner!

  • Race: Terran Terran
  • League: Gold
  • Spawn Location: 1:00

VOD

Have the link to the VOD?

Description

Time

  • Played on: May 8, 2020, 11:09 a.m.
  • Length: 14:46
Show
View Real Time Build Order
Export as new Build Order

Massa Terran 

Build Orders:  

Get SALT Encoding   

  12  0:10  Supply Depot  
  12  0:13  SCV  
  13  0:25  SCV  
  14  0:35  Barracks  
  14  0:37  SCV  
  15  0:48  Supply Depot  
  15  0:49  SCV  
  16  1:01  SCV  
  17  1:13  SCV  
  18  1:19  Refinery  
  18  1:25  SCV  
  18  1:31  Barracks  
  19  1:35  Refinery  
  19  1:37  SCV  
  20  1:58  Orbital Command  
  20  2:19  Factory  
  20  2:20  Barracks Tech Lab  
  20  2:40  SCV  
  20  2:42  Marine  
  22  2:45  Marauder  
  24  2:59  Command Center  
  24  3:00  Marine  
  25  3:09  Bunker  
  25  3:14  Marauder  
  25  3:18  Factory Tech Lab  
  27  3:20  SCV  
  28  3:32  SCV  
  29  3:40  Starport  
  29  3:47  Barracks Reactor  
  29  3:50  Supply Depot  
  29  3:55  SCV  
  30  4:02  Supply Depot  
  30  4:07  SCV  
  31  4:12  Engineering Bay  
  31  4:15  Supply Depot  
  31  4:18  SCV  
  31  4:19  SCV  
  33  4:30  SCV, Siege Tank  
  32  4:50  SCV  
  32  4:52  SCV  
  34  4:57  Viking  
  36  5:02  SCV  
  36  5:04  SCV  
  36  5:06  Bunker  
  38  5:10  Missile Turret  
  38  5:13  Terran Infantry Weapons Level 1  
  38  5:14  SCV  
  38  5:16  SCV  
  40  5:26  SCV  
  39  5:39  SCV  
  39  5:40  SCV  
  41  5:45  Refinery  
  41  5:57  Sensor Tower  
  41  6:04  Marine x2, Marauder, Sensor Tower  
  41  6:11  Engineering Bay  
  45  6:12  Medivac  
  47  6:22  Marine  
  47  6:23  Barracks  
  48  6:26  Marauder  
  48  6:27  Marine  
  51  6:42  Viking  
  55  6:47  Marauder  
  55  6:54  Marine x2  
  57  7:07  Terran Infantry Armor Level 1  
  59  7:08  Marauder  
  59  7:12  Marine  
  59  7:15  Medivac  
  62  7:17  Combat Shield  
  62  7:24  Barracks Reactor  
  62  7:34  Armory  
  62  7:39  SCV x2  
  65  7:51  SCV  
  59  8:12  Starport Reactor  
  57  8:16  Starport  
  57  8:22  Armory  
  57  8:27  Command Center  
  57  8:32  SCV  
  57  8:33  SCV, Bunker  
  59  8:36  Stimpack  
  59  8:41  Siege Tank  
  62  8:44  SCV  
  62  8:45  SCV  
  62  8:47  Refinery  
  64  8:57  SCV x2  
  64  9:02  Sensor Tower  
  66  9:09  SCV x2  
  67  9:21  SCV  
  67  9:29  Orbital Command  
  66  9:35  Missile Turret  
  66  9:39  Thor  
  72  9:51  Missile Turret  
  70  9:54  Marauder, Marine x4  
  76  10:11  Marine  
  76  10:12  Marine x3  
  80  10:15  Marauder, Concussive Shells  
  80  10:17  Factory  
  82  10:25  Missile Turret  
  82  10:30  Supply Depot  
  82  10:33  Supply Depot  
  82  10:36  Marauder  
  82  10:40  Starport Tech Lab, Supply Depot  
  84  10:44  Missile Turret  
  84  10:51  Thor  
  90  10:57  Viking x2  
  90  11:03  Missile Turret, Supply Depot  
  94  11:13  Planetary Fortress  
  94  11:16  Raven  
  96  11:22  Factory Tech Lab  
  96  11:25  Supply Depot  
  96  11:27  Missile Turret  
  96  11:34  Thor  
  96  11:35  Terran Vehicle And Ship Armor Level 1, Terran Vehicle Weapons Level 1  
  96  11:36  Terran Infantry Weapons Level 2  
  102  11:47  Missile Turret  
  102  11:58  Command Center  
  102  12:00  SCV x2  
  104  12:03  SCV  
  104  12:04  Sensor Tower  
  105  12:08  Missile Turret  
  105  12:12  SCV x2  
  105  12:14  Marine  
  105  12:15  SCV, Marauder, Marine x3  
  114  12:16  Thor  
  119  12:24  SCV x2  
  119  12:27  SCV  
  112  12:30  Missile Turret  
  112  12:36  SCV x2, Marauder  
  113  12:44  Thor  
  113  12:50  Refinery  
  119  12:52  Refinery, Missile Turret  
  119  12:57  Marauder  
  112  13:02  Thor  
  112  13:04  Marine  
  112  13:05  Marine x3  
  91  13:19  Marauder  
  93  13:22  Marine x2  
  93  13:23  Marine  
  96  13:28  Missile Turret  
  95  13:40  Marauder  
  97  13:44  Bunker  
  97  13:52  Barracks  
  97  13:54  Thor  
  95  14:01  Marauder  
  79  14:07  Factory  
  82  14:13  Marine x4  
  70  14:23  Marauder  
Show
View Real Time Build Order
Export as new Build Order

Veers Terran - Winner!

Build Orders: Mech 

Get SALT Encoding   

  12  0:01  SCV  
  13  0:13  SCV  
  14  0:24  Supply Depot  
  14  0:25  SCV  
  15  0:30  Refinery  
  15  0:47  Barracks  
  15  0:55  Supply Depot  
  15  0:57  SCV  
  16  1:08  Refinery  
  16  1:09  SCV  
  17  1:21  SCV  
  18  1:33  SCV  
  18  1:38  Factory  
  19  1:45  SCV  
  20  1:57  SCV, Marine  
  20  1:58  Supply Depot  
  22  2:09  SCV  
  22  2:15  Marine  
  24  2:23  Orbital Command  
  24  2:25  Widow Mine  
  26  2:42  Engineering Bay  
  26  2:46  Widow Mine  
  28  3:08  Widow Mine  
  30  3:29  Widow Mine, Command Center  
  32  3:45  Factory  
  32  3:48  Engineering Bay  
  34  4:09  Factory Tech Lab  
  32  4:11  SCV  
  33  4:19  Missile Turret  
  33  4:23  SCV, Missile Turret  
  34  4:27  Missile Turret  
  34  4:28  Missile Turret  
  34  4:53  Siege Tank  
  34  4:59  Orbital Command  
  37  5:00  SCV  
  38  5:18  Factory Tech Lab  
  38  5:23  Missile Turret  
  38  5:25  Siege Tank  
  33  5:43  Siege Tank  
  33  5:49  SCV x2, Factory  
  38  5:57  Siege Tank  
  38  6:01  SCV x2  
  38  6:03  Armory  
  43  6:06  Supply Depot  
  43  6:15  Missile Turret, Siege Tank  
  46  6:19  SCV  
  47  6:25  Refinery  
  47  6:28  Refinery  
  47  6:29  Siege Tank  
  47  6:31  SCV  
  51  6:41  Factory Reactor, Supply Depot  
  51  6:43  SCV, Supply Depot  
  53  6:54  SCV  
  53  6:55  SCV  
  54  7:04  Thor  
  54  7:06  SCV  
  54  7:07  SCV  
  62  7:13  Supply Depot  
  62  7:14  Supply Depot  
  62  7:18  SCV  
  63  7:31  SCV  
  63  7:32  SCV  
  65  7:43  Command Center  
  65  7:44  SCV x2  
  67  7:50  Drilling Claws  
  67  7:56  SCV x2  
  69  8:05  Siege Tank  
  69  8:19  Widow Mine x2  
  73  8:33  Terran Vehicle Weapons Level 1  
  73  8:37  Siege Tank  
  73  8:40  Widow Mine x2  
  80  8:42  Supply Depot  
  80  8:43  Supply Depot  
  80  8:44  Supply Depot  
  80  8:45  Starport  
  80  8:56  SCV x2  
  80  9:00  Orbital Command  
  80  9:02  Hellbat x2  
  86  9:08  SCV  
  89  9:10  Hellbat  
  91  9:31  Hellbat  
  91  9:37  SCV  
  91  9:38  SCV x2  
  94  9:40  Siege Tank, Hellbat  
  99  9:49  Infernal Pre-Igniter  
  99  9:50  SCV  
  99  9:52  Thor  
  102  10:08  Viking, Missile Turret  
  102  10:09  Missile Turret  
  102  10:10  Missile Turret  
  102  10:12  Thor  
  110  10:28  Terran Vehicle And Ship Armor Level 1  
  110  10:35  Thor  
  116  10:38  Armory, Viking  
  118  10:50  Hellbat x2  
  118  10:55  Thor  
  128  11:02  Refinery  
  128  11:08  Refinery, Viking  
  130  11:11  Hellbat  
  130  11:18  Supply Depot  
  132  11:21  Supply Depot  
  132  11:22  Supply Depot  
  132  11:26  Terran Vehicle Weapons Level 2  
  132  11:39  Viking  
  138  11:40  Hellbat x2  
  138  11:42  Thor, Supply Depot  
  138  11:43  Thor  
  138  11:44  Supply Depot x2  
  138  11:45  Supply Depot  
  154  12:01  Hellbat x2  
  154  12:06  Missile Turret  
  154  12:07  Missile Turret  
  154  12:08  Supply Depot  
  158  12:23  Hellbat x2  
  158  12:25  Siege Tank  
  158  12:26  Siege Tank  
  156  12:57  Thor  
  156  12:58  Thor  
  131  13:15  Hellbat x2  
  135  13:40  Thor  
  141  13:41  Siege Tank  
  140  14:01  Hellbat  
  142  14:13  Siege Tank  
Tags
 
Composition
Mech
League
GoldGold
Matchup
TvT
Race
Terran
Replay Pack
Multiplayer
Spawn Locations
Cross Positions
Add a new tag
Caveats
  • Supply blocks, unpowered buildings, or Contaminate may cause inaccurate times.
  • Supply counts are checked every 10 seconds.